Match 46979747
Unlisted

Match 46979747
End
Construct Section Command Post
Selects Canadian Shock Battlegroup
Infantry Section
Infantry Section
Infantry Section
Grenade Package
Construct Field Infirmary
Selects Incendiary Munitions
Construct Platoon Command Post
Infantry Section
Humber Armored Car
Selects Offensive Resupply
Humber Armored Car
6-pounder Anti-tank Gun Team
Selects Pyrotechnics
6-pounder Anti-tank Gun Team
Construct Company Command Post
Selects Canadian Shock Section
Matilda II Heavy Tank
Selects Churchill Crocodile Heavy Tank
Churchill Crocodile Heavy Tank
Royal Engineer Section
Selects Smoke Operation
6-pounder Anti-tank Gun Team
Angrybirds
Stormless
🔥☠️ WhyYouRunning ☠
Projinx
0
0

Comments sign in to comment!

No comments posted yet!